 Dungeon Crawl Stone Soup version 0.28-a0-983-g1de4e0787c (webtiles) character file.

Game seed: 16914953105982120370

5294 Glokmah the Cutter (level 10, -2/76 HPs)
             Began as a Demonspawn Warper on Dec 3, 2021.
             Was a Believer of Nemelex Xobeh.
             Slain by a wolf (7 damage)
             ... led by Grum
             ... on level 8 of the Dungeon.
             The game lasted 00:21:17 (9420 turns).

Glokmah the Cutter (Demonspawn Warper)              Turns: 9420, Time: 00:21:18

Health: -2/76      AC: 12    Str: 13    XL:     10   Next: 37%
Magic:  11/16      EV: 11    Int: 15    God:    Nemelex Xobeh [**....]
Gold:   551        SH:  0    Dex: 15    Spells: 9/17 levels left

rFire   . . .      SeeInvis .   b - +3 short sword (speed)
rCold   . . .      Faith    .   (no shield)
rNeg    . . .      Spirit   .   r - +0 leather armour
rPois   .          Reflect  .   w - +0 helmet
rElec   .          Harm     .   (no cloak)
rCorr   +          Rampage  .   (gloves unavailable)
Will    .....                   k - +1 pair of boots
Stlth   +++.......              u - amulet of regeneration
HPRegen 1.02/turn               x - ring of resist corrosion
MPRegen 0.15/turn               (no ring)

@: sanguine armoured
A: claws 3, sanguine armour 1, demonic magic 2
a: Renounce Religion, Draw Escape, Draw Destruction, Draw Summoning


You were on level 8 of the Dungeon.
You worshipped Nemelex Xobeh.
Nemelex Xobeh was pleased with you.
You visited 2 branches of the dungeon, and saw 9 of its levels.

You collected 551 gold pieces.

Inventory:

Hand Weapons
 a - a +0 vorpal spear
 b - a +3 short sword of speed (weapon)
 s - a +3 flail of flaming
Missiles
 d - 4 boomerangs of dispersal
 m - 2 boomerangs
 D - 9 poisoned darts
Armour
 i - a +0 kite shield
 k - a +1 pair of boots (worn)
 q - a +0 buckler
 r - a +0 leather armour (worn)
 w - a +0 helmet (worn)
Jewellery
 l - an amulet of magic regeneration
 u - an amulet of regeneration (around neck)
 x - a ring of resist corrosion (left claw)
Wands
 t - a wand of iceblast (13)
Scrolls
 c - 4 scrolls of blinking
 e - 5 scrolls of identify
 f - a scroll of brand weapon
 h - 7 scrolls of teleportation
 y - a scroll of magic mapping {unknown}
 A - a scroll of amnesia {unknown}
 B - a scroll of enchant armour {unknown}
 C - a scroll of fear
 E - a scroll of enchant weapon
 F - a scroll of acquirement {unknown}
Potions
 g - a potion of berserk rage
 j - 2 potions of mutation {unknown}
 n - a potion of cancellation {unknown}
 p - 5 potions of might {unknown}
 v - 3 potions of haste {unknown}
 z - 2 potions of resistance {unknown}


   Skills:
 + Level 5.9 Fighting
 * Level 6.8 Short Blades
 - Level 0.7 Maces & Flails
 - Level 2.6 Polearms
 - Level 0.8 Throwing
 - Level 0.8 Armour
 - Level 1.7 Dodging
 * Level 6.1 Stealth
 - Level 1.1 Shields
 - Level 4.0 Spellcasting
 - Level 5.0 Conjurations
 + Level 3.0 Hexes
 - Level 3.7 Translocations
 + Level 2.9 Ice Magic
 - Level 3.0 Air Magic
 + Level 4.9 Invocations


You had 9 spell levels left.
You knew the following spells:

 Your Spells              Type           Power      Damage    Failure   Level
a - Blink                 Tloc           28%        N/A       8%          2
b - Gell's Gravitas       Tloc           14%        N/A       14%         3
c - Shock                 Conj/Air       60%        1d6       4%          1
d - Ensorcelled Hibernat  Hex/Ice        24%        N/A       10%         2

Your spell library contained the following spells:

 Spells                   Type           Power      Damage    Failure   Level
 Magic Dart               Conj           72%        1d6       3%          1
 Apportation              Tloc           28%        N/A       4%          1
 Lesser Beckoning         Tloc           14%        N/A       14%         3
 Teleport Other           Tloc           14%        N/A       14%         3
 Swiftness                Air            12%        N/A       21%         3
 Animate Skeleton         Necr           6%         N/A       22%         1
 Summon Small Mammal      Summ           12%        N/A       22%         1
 Mephitic Cloud           Conj/Pois/Air  10%        N/A       24%         3
 Call Imp                 Summ           3%         N/A       34%         2
 Passwall                 Tmut/Erth      2%         N/A       34%         2
 Sublimation of Blood     Necr           3%         N/A       34%         2
 Airstrike                Air            6%         N/A       54%         4
 Spider Form              Tmut/Pois      3%         N/A       56%         3
 Manifold Assault         Tloc           14%        N/A       80%         5
 Petrify                  Tmut/Erth      3%         N/A       92%         4
 Irradiate                Conj/Tmut      5%         3d15      92%         5


Dungeon Overview and Level Annotations

Branches:
Dungeon (8/15)             Temple (1/1) D:5
   Lair: D:8-11

Altars:
Ashenzari
Cheibriados
Dithmenos
Elyvilon
Fedhas
Gozag
Hepliaklqana
Nemelex Xobeh
Qazlal
Ru
Trog
Wu Jian
Yredelemnul
Zin
The Shining One

Shops:
D:2 ??   D:4 (   D:8 !

Annotations:
D:8 Grum


Innate Abilities, Weirdness & Mutations

You have claws for hands.
When seriously injured, your blood forms armour. (AC +6)
Spells you cast may paralyse nearby enemies.


Message History

The gnoll sergeant hits you with a +6 spear of venom!
You are lethally poisoned!
Casting: Ensorcelled Hibernation (safe; 10% risk of failure)
Confirm with . or Enter, or press ? or * to list all spells.
Aiming: Ensorcelled Hibernation (safe; 10% risk of failure)
Press: ? - help, Shift-Dir - straight line, f/p - gnoll sergeant
Aim: a gnoll sergeant, wielding a +6 spear of venom, wearing a +0 scale mail and wearing a +0 buckler (lightly wounded, chance to affect: 43%)
Okay, then.
Unknown command.
Okay, then.
Okay, then.
You draw a card...
You have drawn Velocity.
The gnoll sergeant seems to slow down.
The deck of cards glows with a rainbow of weird colours and disappears.
* * * LOW HITPOINT WARNING * * *
You feel extremely sick.
The wolf howls!
You hear an angry growl.
You hear a howl! x2
Okay, then.
You feel better.
The gnoll sergeant hits you but does no damage.
You are poisoned.
Okay, then.
You feel very sick.
The gnoll is no longer paralysed.
The gnoll sergeant hits you from afar with a +6 spear of venom!
* * * LOW HITPOINT WARNING * * *
You are more poisoned.
You closely miss the wolf.
You feel sick.
The wolf is no longer paralysed.
The wolf closely misses you. The wolf bites you but does no damage.
You feel very sick.
A wolf comes into view.
The wolf bites you.
* * * LOW HITPOINT WARNING * * *
The wolf bites you but does no damage.
Okay, then.
You feel better. The wolf bites you.
* * * LOW HITPOINT WARNING * * *
The wolf bites you but does no damage. The wolf bites you!
You die...
Your body glows slightly and disappears.

....... #.##.
...h.....##.##.
.........##.##.
.........##.##.
#.g....(.......
###..............
#.h..............
########h#..............
#......@h...#...........
#.######.#..#...........
#.#.......###.###
#g#.......# #.#
#g#.......# #.#
#.#.......# #.#
#.#.......# #.#
#.#......)# #.#......(#


You could see Grum, a gnoll sergeant (slow), 4 wolves and a gnoll (slow).

Vanquished Creatures
  Pikel (D:6)
  A manticore (D:6)
  Grinder (D:6)
  7 yaks
  A water moccasin (D:5)
  3 orc warriors
  2 sky beasts
  5 black bears
  3 ice beasts
  3 necrophages
  An ogre (D:5)
  A centaur (D:6)
  2 kobold brigands (D:8)
  Blork the orc (D:6)
  2 bullfrogs
  A wyvern zombie (D:7)
  A scorpion (D:5)
  A water moccasin zombie (D:5)
  A killer bee (D:8)
  5 howler monkeys
  3 centaur zombies
  A bullfrog zombie (D:6)
  A bullfrog skeleton (D:6)
  2 orc priests
  2 gnoll shamans (D:6)
  2 jellies
  A centaur skeleton (D:7)
  7 iguanas
  3 orc wizards
  A killer bee zombie (D:8)
  A howler monkey zombie (D:7)
  A howler monkey skeleton (D:7)
  5 adders
  4 gnolls (D:6)
  2 shadow imps
  A white imp (D:6)
  An adder skeleton (D:5)
  2 worms
  8 orcs
  6 ball pythons
  9 endoplasms
  A giant cockroach (D:2)
  4 goblins
  5 hobgoblins
  2 jackals (D:4)
  13 kobolds
  2 quokkas
  5 bats
  A frilled lizard (D:1)
  5 rats
144 creatures vanquished.

Vanquished Creatures (others)
  A sky beast (D:6)
1 creature vanquished.

Grand Total: 145 creatures vanquished

Notes
Turn   | Place    | Note
-------+----------+-------------------------------------------
     0 | D:1      | Glokmah the Demonspawn Warper began the quest for the Orb.
     0 | D:1      | Reached XP level 1. HP: 16/16 MP: 3/3
   395 | D:1      | Gained mutation: You have sharp fingernails. [demonic
                  | ancestry]
   395 | D:1      | Reached XP level 2. HP: 22/22 MP: 5/5
   689 | D:2      | Learned a level 2 spell: Blink
   760 | D:2      | Found a faded altar of an unknown god.
  1206 | D:2      | Found Vohan's Magic Scroll Shoppe.
  1316 | D:2      | Found Ehetuo's Magic Scroll Boutique.
  1523 | D:3      | Gained mutation: You have very sharp fingernails. [demonic
                  | ancestry]
  1523 | D:3      | Reached XP level 3. HP: 27/27 MP: 6/6
  2846 | D:3      | Reached XP level 4. HP: 34/34 MP: 7/7
  2850 | D:3      | Learned a level 3 spell: Gell's Gravitas
  3404 | D:4      | Found Utwoumit's Antique Weapon Emporium.
  3781 | D:4      | Reached skill level 1 in Shields
  4393 | D:5      | Entered Level 5 of the Dungeon
  4407 | D:5      | Gained mutation: Spells you cast may paralyse adjacent
                  | enemies. [demonic ancestry]
  4407 | D:5      | Reached XP level 5. HP: 39/39 MP: 8/8
  4409 | D:5      | Learned a level 1 spell: Shock
  4687 | D:5      | Reached skill level 1 in Short Blades
  4759 | D:5      | Found a bloodstained altar of Trog.
  4759 | D:5      | Noticed a necrophage
  4789 | D:5      | Killed a necrophage
  4790 | D:5      | Reached skill level 1 in Conjurations
  4790 | D:5      | Gained mutation: When seriously injured, your blood forms
                  | armour. (AC +6) [demonic ancestry]
  4790 | D:5      | Reached XP level 6. HP: 24/46 MP: 3/10
  4874 | D:5      | Reached skill level 1 in Stealth
  4966 | D:5      | Reached skill level 1 in Air Magic
  5241 | D:5      | Noticed a sky beast
  5247 | D:5      | Reached XP level 7. HP: 50/52 MP: 7/11
  5520 | D:5      | Found a staircase to the Ecumenical Temple.
  5525 | Temple   | Entered the Ecumenical Temple
  5810 | Temple   | Became a worshipper of Nemelex Xobeh the Trickster
  5832 | D:5      | Found a shadowy altar of Dithmenos.
  5869 | D:5      | Reached XP level 8. HP: 23/60 MP: 7/13
  6597 | D:6      | Noticed Grinder
  6628 | D:6      | Paralysed by Grinder for 6 turns
  6646 | D:6      | Killed Grinder
  6832 | D:6      | Found a broken altar of Ashenzari.
  6916 | D:6      | Reached * piety under Nemelex Xobeh
  7045 | D:6      | Noticed Pikel
  7052 | D:6      | Killed Pikel
  7053 | D:6      | Reached skill level 5 in Conjurations
  7053 | D:6      | Reached skill level 1 in Invocations
  7053 | D:6      | Gained mutation: You have claws for hands. [demonic
                  | ancestry]
  7053 | D:6      | Reached XP level 9. HP: 58/66 MP: 10/15
  7201 | D:6      | Reached skill level 5 in Short Blades
  7459 | D:6      | Identified the +7 mace of Bankruptcy {freeze, Int+2}
  7518 | D:6      | Learned a level 2 spell: Ensorcelled Hibernation
  7542 | D:6      | Noticed Blork the orc
  7546 | D:6      | Reached skill level 5 in Fighting
  7557 | D:6      | Killed Blork the orc
  7692 | D:6      | Noticed a manticore
  7706 | D:6      | Killed a manticore
  7707 | D:6      | Reached skill level 1 in Hexes
  7707 | D:6      | Reached skill level 1 in Ice Magic
  7940 | D:6      | Reached skill level 5 in Stealth
  8103 | D:7      | Received a gift from Nemelex Xobeh
  8415 | D:7      | Reached ** piety under Nemelex Xobeh
  8448 | D:6      | Gained mutation: Spells you cast may paralyse nearby
                  | enemies. [demonic ancestry]
  8448 | D:6      | Reached XP level 10. HP: 68/75 MP: 12/16
  8792 | D:8      | Found Uny Paed's Distillery.
  8806 | D:8      | Received a gift from Nemelex Xobeh
  8974 | D:8      | Noticed Grum
  9140 | D:8      | Noticed a two-headed ogre
  9367 | D:8      | Found a blossoming altar of Fedhas.
  9419 | D:8      | HP: 2/76 [wolf[Grum] (6)]
  9420 | D:8      | Slain by a wolf

Illustrated notes

Levels and vault maps discovered:
D:1:      minmay_arrival_nine_rooms, layout_rooms, minmay_tetromino_i2
D:2:      layout_basic, ebering_ecumenical_altar_box, serial_shops, shop, shop
D:3:      layout_basic, mainiacjoe_overflow_catwalk, kennysheep_pointless_box,
          grunt_ministairs_4
D:4:      layout_layer_cave, serial_shops, shop, st_stairs_8
D:5:      minmay_chambers_of_threes, layout_basic, kennysheep_mini,
          gammafunk_temple_overflow_pools, minmay_temple_entry_statues_pillars
D:6:      minmay_opposing_rooms, layout_loops_corners,
          nicolae_ashenzari_panopticon, corexii_corridor_pit,
          minmay_fountain_box, uniq_blork_the_orc, uniq_pikel, uniq_grinder
D:7:      layout_gridville
D:8:      layout_basic, marbit_many_paths, serial_shops, shop_statue, uniq_grum
Temple:   compressed_dpeg_triangle_lava_temple

Skill      XL: |  1  2  3  4  5  6  7  8  9 10 |
---------------+-------------------------------+-----
Polearms       | 2 |  2.6
Translocations | 3 |  3.7
Shields        | 1 |  1.1
Short Blades   | 1 2 3 4 6 |  6.8
Conjurations   | 1 2 3 5 |  5.0
Stealth        | 1 2 3 5 6 |  6.1
Fighting       | 3 4 5 |  5.9
Spellcasting   | 3 4 |  4.0
Air Magic      | 1 2 3 |  3.0
Invocations    | 1 4 |  4.9
Hexes          | 2 3 |  3.0
Ice Magic      | 2 |  2.9
Maces & Flails | |  0.7
Throwing       | |  0.8
Armour         | |  0.8
Dodging        | |  1.7

Action                   |  1- 3 |  4- 6 |  7- 9 | 10-12 || total
-------------------------+-------+-------+-------+-------++-------
Melee: Spear             |   169 |       |       |       ||   169
       Short sword       |    31 |   117 |   239 |    60 ||   447
Throw: Boomerang         |       |     1 |       |       ||     1
 Cast: Shock             |       |    25 |   103 |    40 ||   168
       Ensorcelled Hiber |       |       |       |    10 ||    10
Invok: Draw Escape       |       |       |       |     1 ||     1
       Draw Destruction  |       |       |       |     1 ||     1
  Use: Scroll            |       |     6 |     3 |       ||     9
       Potion            |       |       |     1 |     2 ||     3
 Stab: Paralysed         |       |    10 |    46 |    14 ||    70
       Sleeping          |       |       |     3 |     6 ||     9
Armor: Leather armour    |    47 |    28 |    49 |    13 ||   137
Dodge: Dodged            |   101 |    52 |   108 |    37 ||   298

Table legend: (Time is in decaauts)
 A = Elapsed time spent in this place.
 B = Non-inter-level travel time spent in this place.
 C = Inter-level travel time spent in this place.
 D = Time resting spent in this place.
 E = Time spent auto-exploring this place.
 F = Levels seen in this place.
 G = Mean time per level.
                   A        B        C        D        E       F      G
               +--------+--------+--------+--------+--------+-----+--------+
         Total |   9265 |   8473 |    792 |    486 |   6277 |   9 | 1029.4 |
       Dungeon |   8967 |   8205 |    762 |    486 |   6034 |   8 | 1120.9 |
        Temple |    297 |    267 |     30 |      0 |    243 |   1 |  297.0 |
               +--------+--------+--------+--------+--------+-----+--------+

Top non-repeatable levels by time:
     D:5: 1758 daAuts
     D:3: 1727 daAuts
     D:6: 1558 daAuts
     D:4: 1157 daAuts
     D:2: 811 daAuts
     D:1: 682 daAuts
     D:7: 640 daAuts
     D:8: 634 daAuts
  Temple: 297 daAuts
